 Dungeon Crawl Stone Soup version 0.31-a0-986-g5e6e4ef867 (webtiles) character file.

Game seed: 11048134249634569800

92 LeprechaunX the Changeling (level 4, -5/29 HPs)
             Began as an Octopode Shapeshifter on Nov 22, 2023.
             Slain by an orc
             ... wielding a +0 mace
              (7 damage)
             ... on level 3 of the Dungeon.
             The game lasted 00:02:09 (1234 turns).

LeprechaunX the Changeling (Octopode Shapeshifter)  Turns: 1234, Time: 00:02:10

Health: -5/29      AC:  1    Str: 13    XL:     4   Next: 60%
Magic:  4/4        EV: 12    Int: 12    God:
Gold:   70         SH:  4    Dex: 13    Spells: 3/3 levels left

rFire   . .          .
                       - Unarmed
rCold   . . .        j - +0 buckler
rNeg    . . .        (helmet currently unavailable)
rPois   .            (no amulet)
rElec   .            (no ring)
rCorr   .            (no ring)
SInv    .            (no ring)
Will    .....        (no ring)
Stlth   ++           (no ring)
HPRegen 0.24/turn    (no ring)
MPRegen 0.09/turn    (no ring)
                     (no ring)

%: no passive effects
@: beast-form
A: beast (slay +2), almost no armour, amphibious, 8 rings, camouflage 1,
gelatinous body 1, (nimble swimmer 1), tentacles
a: Begin Untransformation


You were on level 3 of the Dungeon.
You were a hulking beast.
You visited 1 branch of the dungeon, and saw 3 of its levels.

You collected 70 gold pieces.

Inventory:

Armour
 j - a +0 buckler (worn)
Jewellery
 k - a ring of wizardry
Talismans
 b - a beast talisman
 c - a flux talisman
Scrolls
 d - 2 scrolls of identify {unknown}
 f - a scroll of revelation {unknown}
 h - a scroll of amnesia {unknown}
 i - a scroll of vulnerability {unknown}
 l - a scroll of enchant weapon {unknown}
Potions
 a - a potion of lignification
 e - a potion of heal wounds {unknown}
 g - a potion of curing {unknown}
 m - 3 potions of cancellation {unknown}


   Skills:
 + Level 2.1 Fighting
 - Level 2.0 Dodging
 + Level 0.5 Shields
 + Level 3.6 Unarmed Combat
 * Level 4.0 Shapeshifting


You had 3 spell levels left.
You didn't know any spells.
Your spell library was empty.

Dungeon Overview and Level Annotations

Branches:
Dungeon (3/15)

Altars:

Shops:
D:2 *


Innate Abilities, Weirdness & Mutations

You are a hulking beast.
Your limbs bulge with bestial killing power. (Slay +2)
You cannot wear most types of armour.
You are amphibious.
You can wear up to eight rings at the same time.
Your skin changes colour to match your surroundings (Stealth+).
Your rubbery body absorbs attacks. (AC +1, EV +1)
((You are camouflaged when in or above water. (Stealth+)))
You have tentacles for arms and can constrict up to eight enemies at once.


Message History

Your squeeze misses the orc. The orc hits you with a +0 hand axe.
The orc wizard hits you with a +0 dagger.
You tentacle-slap the orc. You grab the orc. Your squeeze misses the orc.
The orc is heavily wounded.
You constrict the orc.
You kill the orc!
The orc wizard hits you with a +0 dagger.
You tentacle-slap the orc wizard. Your grab misses the orc wizard.
The orc wizard is moderately wounded.
The orc hits you with a +0 mace. The orc wizard closely misses you.
You closely miss the orc wizard. You grab the orc wizard.
The orc wizard is moderately wounded.
You constrict the orc wizard. The orc barely misses you.
The orc wizard hits you with a +0 dagger.
You tentacle-slap the orc wizard but do no damage.
Your squeeze misses the orc wizard.
The orc wizard is moderately wounded.
You constrict the orc wizard. The orc closely misses you.
The orc wizard closely misses you.
You tentacle-slap the orc wizard but do no damage.
You squeeze the orc wizard.
The orc wizard is severely wounded.
You constrict the orc wizard, but do no damage.
You block the orc's attack.
The orc wizard hits you with a +0 dagger.
* * * LOW HITPOINT WARNING * * *
You tentacle-slap the orc wizard.
The orc wizard is almost dead.
You constrict the orc wizard. You block the orc's attack.
The orc wizard hits you with a +0 dagger.
* * * LOW HITPOINT WARNING * * *
Unknown command.
You tentacle-slap the orc wizard but do no damage.
The orc wizard is almost dead.
You constrict the orc wizard.
You kill the orc wizard!
Your Shapeshifting skill increases to level 4!
Unknown command.
The orc attacks as it pursues you! The orc hits you with a +0 mace!
You die...

########## ..
.....K... ..#
...o.?.o.o# ...
..######o#####)# #...
#.#<..ho)......#
.....#.#....#.#.....#
##...#......#.#.##.##
.......#....#.#.# #
#..............#
######.#..#..###
#............## #
#.####..#.#...###.#
#............#


You could see 2 orcs.

Vanquished Creatures
  An orc wizard (D:3)
  2 adders (D:2)
  A dart slug (D:1)
  2 orcs (D:3)
  4 ball pythons
  4 bats
  2 endoplasms
  2 giant cockroaches
  3 goblins
  7 hobgoblins
  2 jackals (D:2)
  7 kobolds
  A quokka (D:2)
  2 frilled lizards (D:2)
  4 rats (D:1)
44 creatures vanquished.

Notes
Turn   | Place    | Note
-------+----------+-------------------------------------------
     0 | D:1      | LeprechaunX the Octopode Shapeshifter began the quest for
                  | the Orb.
     0 | D:1      | Reached XP level 1. HP: 13/13 MP: 1/1
    35 | D:1      | Reached XP level 2. HP: 18/18 MP: 2/2
   284 | D:1      | Found a faded altar of an unknown god.
   390 | D:1      | Reached XP level 3. HP: 23/23 MP: 3/3
   611 | D:2      | Found a transporter.
   611 | D:2      | Found Hiff's Assorted Antiques.
   648 | D:2      | Found a transporter.
   733 | D:2      | Reached XP level 4. HP: 29/29 MP: 4/4
  1232 | D:3      | HP: 1/29 [orc wizard/+0 dagger (5)]
  1234 | D:3      | Reached skill level 4 in Shapeshifting
  1234 | D:3      | Slain by an orc

Illustrated notes

Levels and vault maps discovered:
D:1:      minmay_arrival_three_doors, layout_rooms,
          shapermc_ecumenical_altar_totnotflames, grunt_decor_cap
D:2:      layout_basic, serial_shops, nicolae_shop_drivethru, minivault_26
D:3:      layout_basic, dreamdust_divine_triumvirate,
          chequers_serial_rivers_large_b

Skill      XL: |  1  2  3  4 |
---------------+-------------+-----
Fighting       | 2 |  2.1
Shapeshifting  | 4 |  4.0
Dodging        | |  2.0
Shields        | |  0.5
Unarmed Combat | |  3.6

Action                     |  1- 3 |  4- 6 || total
---------------------------+-------+-------++-------
  Melee: Unarmed           |    59 |    20 ||    79
         Constrict         |    12 |     5 ||    17
         Tentacles         |     9 |     2 ||    11
         Punch             |     1 |       ||     1
   Stab: Sleeping          |     6 |     1 ||     7
 Armour: Skin              |    22 |    13 ||    35
  Dodge: Dodged            |    23 |     7 ||    30
  Block: Buckler           |       |     5 ||     5

Table legend: (Time is in decaauts)
 A = Elapsed time spent in this place.
 B = Non-inter-level travel time spent in this place.
 C = Inter-level travel time spent in this place.
 D = Time resting spent in this place.
 E = Time spent auto-exploring this place.
 F = Levels seen in this place.
 G = Mean time per level.
                   A        B        C        D        E       F      G
               +--------+--------+--------+--------+--------+-----+--------+
         Total |   1228 |   1186 |     42 |     41 |    854 |   3 |  409.3 |
       Dungeon |   1228 |   1186 |     42 |     41 |    854 |   3 |  409.3 |
               +--------+--------+--------+--------+--------+-----+--------+

Top non-repeatable levels by time:
     D:2: 721 daAuts
     D:1: 458 daAuts
     D:3: 48 daAuts
